 Dungeon Crawl Stone Soup version 0.30-a0-263-ge22c4ad894 (webtiles) character file.

Game seed: 2743411698077954579

893 Sobieck the Trooper (level 8, -4/84 HPs)
             Began as an Ogre Transmuter on Oct 13, 2022.
             Was an Initiate of Wu Jian.
             Slain by a raiju (7 damage)
             ... on level 1 of the Abyss.
             The game lasted 00:12:44 (6099 turns).

Sobieck the Trooper (Ogre Transmuter)               Turns: 6099, Time: 00:12:45

Health: -4/84      AC:  4    Str: 11    XL:     8   Next: 6%
Magic:  11/11      EV:  9    Int: 20    God:    Wu Jian [......]
Gold:   280        SH:  0    Dex:  9    Spells: 6/11 levels left

rFire   . . .      SeeInvis .    w - +8 war axe "Dragonbane" {pain, rPois rN++ Str-4 Int+4, axe}
rCold   . . .      Faith    .    (no shield)
rNeg    + + +      Spirit   .    a - +0 robe
rPois   +          Reflect  .    (helmet restricted)
rElec   +          Harm     .    k - +0 cloak of a treasure trove {rElec rN+++ Stlth-}
rCorr   .          Rampage  .    (gloves unavailable)
Will    .....                    (boots unavailable)
Stlth   ..........               v - amulet of magic regeneration {@e2}
HPRegen 0.34/turn                (no ring)
MPRegen 0.52/turn                (no ring)

@: about to teleport
A: large, unfitting armour, tough skin 1
a: Renounce Religion


You were on level 1 of the Abyss.
You worshipped Wu Jian.
Wu Jian was noncommittal.
You visited 2 branches of the dungeon, and saw 6 of its levels.
You visited the Abyss 1 time.

You collected 280 gold pieces.


Innate Abilities, Weirdness & Mutations

You are too large for most types of armour.
You have tough skin. (AC +1)


   Skills:
 + Level 6.7 Fighting
 - Level 1.7 Dodging
 + Level 5.3 Unarmed Combat
 - Level 2.4 Spellcasting
 + Level 5.0 Transmutations


You had 6 spell levels left.
You knew the following spells:

 Your Spells              Type           Power      Damage    Failure   Level
b - Wereblood             Tmut           22%        N/A       3%          2
c - Spider Form           Tmut/Pois      12%        N/A       16%         3

Your spell library contained the following spells:

 Spells                   Type           Power      Damage    Failure   Level
 Beastly Appendage        Tmut           44%        N/A       1%          1
 Magic Dart               Conj           8%         1d3       16%         1
 Call Imp                 Summ           2%         N/A       22%         2
 Gell's Gravitas          Tloc           2%         N/A       41%         3
 Inner Flame              Hex/Fire       2%         N/A       41%         3
 Lesser Beckoning         Tloc           4%         N/A       41%         3
 Mephitic Cloud           Conj/Pois/Air  2%         N/A       41%         3
 Teleport Other           Tloc           2%         N/A       41%         3
 Tukima's Dance           Hex            2%         N/A       41%         3
 Ice Form                 Ice/Tmut       12%        N/A       47%         4
 Cause Fear               Hex            1%         N/A       83%         4
 Passage of Golubria      Tloc           2%         N/A       83%         4
 Yara's Violent Unravell  Hex/Tmut       6%         3d5       83%         5
 Discord                  Hex            1%         N/A       100%        8

Inventory:

Hand Weapons
 e - a +1 club {mace}
   (You took it off a goblin on level 1 of the Dungeon)
 f - a +0 short sword {short}
   (You took it off a kobold on level 1 of the Dungeon)
 g - a +0 short sword {short}
   (You took it off a kobold on level 1 of the Dungeon)
 i - a +0 short sword {short}
   (You found it on level 1 of the Dungeon)
 j - a +0 club {mace}
   (You took it off a kobold on level 1 of the Dungeon)
 w - the +8 war axe "Dragonbane" (weapon) {pain, rPois rN++ Str-4 Int+4, axe}
   (You took it off a hobgoblin on level 2 of the Dungeon)

   In the hands of one skilled in necromantic magic, it inflicts extra damage on
   living creatures.
   Str:       It affects your strength (-4).
   Int:       It affects your intelligence (+4).
   rPois:     It protects you from poison.
   rN:        It greatly protects you from negative energy.
Missiles
 l - 25 stones {throwing}
 m - 3 poisoned darts {throwing}
 q - 6 javelins {throwing}
 A - 3 silver boomerangs {throwing}
Armour
 a - a +0 robe (worn)
 k - the +0 cloak of a treasure trove (worn) {rElec rN+++ Stlth-}
   (You acquired it on level 4 of the Dungeon)

   rElec:     It insulates you from electricity.
   rN:        It renders you almost immune to negative energy.
   Stlth:     It makes you less stealthy.
 o - a +0 robe
   (You took it off Dowan on level 5 of the Dungeon)
 p - a +0 cloak
   (You found it on level 1 of the Dungeon)
 s - a +0 robe
   (You found it on level 2 of the Dungeon)
 y - a +0 robe
   (You took it off an orc wizard on level 4 of the Dungeon)
 z - a +0 animal skin
   (You took it off Robin on level 3 of the Dungeon)
 B - a +0 robe
   (You found it on level 3 of the Dungeon)
 D - a +0 robe
   (You took it off an orc wizard on level 4 of the Dungeon)
 E - a +0 robe
   (You found it on level 4 of the Dungeon)
Jewellery
 d - a ring of fire
   (You found it on level 1 of the Dungeon)
 r - a +6 ring of intelligence
   (You found it on level 5 of the Dungeon)
 v - an amulet of magic regeneration (around neck) {@e2}
   (You found it on level 2 of the Dungeon)
Wands
 F - a wand of light (8)
   (You found it on level 5 of the Dungeon)
Scrolls
 c - 6 scrolls of teleportation {@r4}
 h - 2 scrolls of poison
 H - a scroll of vulnerability {!r!r}
Potions
 b - a potion of lignification {!q}
 n - 3 potions of curing {@q1}
 t - 2 potions of resistance
 x - a potion of cancellation
 C - a potion of magic {unknown}

Dungeon Overview and Level Annotations

Branches:
Dungeon (5/15) Zot: 23939  Temple (1/1) D:5 Zot: 5966

Altars:
Elyvilon
Hepliaklqana
Nemelex Xobeh
Okawaru
Wu Jian

Annotations:
D:3 2 transporters, Eustachio
D:4 2 transporters, greasedhog's ghost, amateur GrCK
D:5 Edmund

. . ### ##. ..X
#.. # ♣...#
#..#..# ##≈#...
#...X##.>≈##..
#.#.#....~....
#.§....##♣#..
###.#.#h@h.#
#.##...h..h#....#
# ##...##.#. ..#
#.#..#. .... #
#..##. .....#
#.#..# ....#. #.#
.#.#. .. ..#§..


You could see a large abomination and 4 raiju.


Message History

The +0 cloak of a treasure trove {rElec rN+++ Stlth-} melds into your body.
Your +0 robe melds into your body.
Edmund zaps a wand.
The puff of flame misses you.
Unknown command.
Found a stone staircase leading up.
Unknown command.
Edmund drinks a potion.
Edmund suddenly seems more resistant.
You barely miss Edmund.
Edmund hits you with a +2 flail of distortion!
Space warps horribly around you!!
You barely miss Edmund. You hit Edmund but do no damage.
Edmund hits you with a +2 flail of distortion.
Space warps around you.
* * * LOW HITPOINT WARNING * * *
You hit Edmund but do no damage.
Unknown command.
You barely miss Edmund. Edmund closely misses you.
Unknown command.
You hit Edmund.
Edmund hits you with a +2 flail of distortion!
* * * LOW HITPOINT WARNING * * *
You are cast into the Abyss!
This branch contains the abyssal rune of Zot.
Unknown command.
Unknown command.
Unknown command.
Your transformation is almost over.
Your transformation has ended.
The +8 war axe "Dragonbane" {pain, rPois rN++ Str-4 Int+4, axe} unmelds from your body.
The +0 cloak of a treasure trove {rElec rN+++ Stlth-} unmelds from your body.
Your +0 robe unmelds from your body.
You have a feeling of ineptitude.
Your extra speed is starting to run out.
You start resting.
You feel yourself slow down.
You start resting.
A large abomination comes into view.
Danger!
Unknown command.
Unknown command.
Danger!
Unknown command.
Found a gateway leading deeper into the Abyss.
Okay, then. 2 raiju come into view.
The raiju barks! x3
There is a gateway leading deeper into the Abyss here.
Unknown command.
As you read the scroll of teleportation {@r4}, it crumbles to dust.
You feel strangely unstable.
You feel the power of the Abyss delaying your translocation!
The raiju bites you. The raiju shocks you. You resist.
A raiju comes into view.
The raiju attacks as you move away! The raiju bites you!
* * * LOW HITPOINT WARNING * * *
The raiju shocks you. You resist.
* * * LOW HITPOINT WARNING * * *
The raiju bites you.
* * * LOW HITPOINT WARNING * * *
The raiju shocks you. You resist.
* * * LOW HITPOINT WARNING * * *
The raiju bursts into living lightning!
The living lightning hits the raiju.
The raiju completely resists.
The living lightning hits you. You resist.
* * * LOW HITPOINT WARNING * * *
The raiju blinks! x3
Unknown command.
Unknown command.
Unknown command.
The raiju bursts into living lightning!
The living lightning hits you. You resist.
* * * LOW HITPOINT WARNING * * *
The raiju blinks! x2
Unknown command.
Found a gateway leading deeper into the Abyss.
Unknown command.
The raiju bursts into living lightning!
The living lightning hits you. You resist.
* * * LOW HITPOINT WARNING * * *
The raiju blinks!
Unknown command.
You lunge at the raiju.
You hit the raiju. The raiju bites you.
* * * LOW HITPOINT WARNING * * *
The raiju shocks you. You resist.
* * * LOW HITPOINT WARNING * * *
Unknown command.
You closely miss the raiju. The raiju bites you but does no damage.
The raiju bursts into living lightning!
The living lightning hits the raiju.
The raiju completely resists.
The living lightning misses you.
The raiju blinks!
Unknown command.
You miss the raiju. The raiju closely misses you.
The raiju bursts into living lightning!
The living lightning hits you. You resist.
* * * LOW HITPOINT WARNING * * *
The living lightning hits the raiju.
The raiju completely resists.
The raiju blinks! x2; The raiju barely misses you.
The raiju bites you!
You die...

Skill      XL: |  1  2  3  4  5  6  7  8 |
---------------+-------------------------+-----
Transmutations | 2 3 4 5 |  5.0
Fighting       | 2 3 4 5 6 |  6.7
Unarmed Combat | 3 4 5 |  5.3
Dodging        | |  1.7
Spellcasting   | |  2.4

Action                   |  1- 3 |  4- 6 |  7- 9 || total
-------------------------+-------+-------+-------++-------
Melee: Unarmed           |   125 |     8 |     7 ||   140
       Kick              |    29 |     1 |       ||    30
       Headbutt          |    10 |     2 |       ||    12
       Punch             |     3 |     4 |     1 ||     8
       War axe           |       |   121 |    54 ||   175
 Cast: Beastly Appendage |    31 |     4 |       ||    35
       Spider Form       |       |       |     3 ||     3
       Wereblood         |       |       |     1 ||     1
Invok: Lunge             |       |       |     1 ||     1
Evoke: Wand              |       |     3 |     3 ||     6
  Use: Scroll            |       |     8 |     6 ||    14
       Potion            |       |       |     2 ||     2
 Stab: Sleeping          |       |     3 |       ||     3
Armor: Robe              |    48 |    43 |    17 ||   108
Dodge: Dodged            |    56 |    62 |    38 ||   156

Levels and vault maps discovered:
D:1:      dreamdust_arrival_beginning_and_end, layout_loops_corners
D:2:      layout_basic
D:3:      layout_basic, nicolae_hepliaklqana_monster_ancestors,
          mainiacjoe_overflow_catwalk, gammafunk_ghost_gnarly_gnolls,
          minmay_misc_feat_roman, uniq_robin
D:4:      layout_loops_ring, gammafunk_ghost_stat_death, uniq_eustachio
D:5:      layout_cave_pods, okawaru_ov_weapons_minmay,
          minmay_temple_entry_enclosed_plants, uniq_edmund, uniq_ijyb,
          uniq_duvessa
Temple:   oiseaux_autumnal_temple
Abyss:1:  base: Temple, evilmike_abyss_exit_4

Notes
Turn   | Place    | Note
-------+----------+-------------------------------------------
     0 | D:1      | Sobieck the Ogre Transmuter began the quest for the Orb.
     0 | D:1      | Reached XP level 1. HP: 19/19 MP: 3/3
   235 | D:1      | Reached skill level 2 in Transmutations
   237 | D:1      | Reached XP level 2. HP: 28/28 MP: 3/5
   349 | D:1      | Reached skill level 2 in Fighting
   694 | D:1      | Reached skill level 3 in Unarmed Combat
  1148 | D:2      | Reached XP level 3. HP: 25/36 MP: 6/6
  1194 | D:2      | Learned a level 2 spell: Wereblood
  1198 | D:2      | Learned a level 3 spell: Spider Form
  1322 | D:2      | You pick up a book of Displacement and begin reading...
  1322 | D:2      | You add the spells Lesser Beckoning, Gell's Gravitas and
                  | Teleport Other to your library.
  1565 | D:2      | You add the spells Tukima's Dance, Passage of Golubria and
                  | Yara's Violent Unravelling to your library.
  1732 | D:2      | You pick up a book of Minor Magic and begin reading...
  1732 | D:2      | You add the spells Magic Dart, Call Imp and Mephitic Cloud
                  | to your library.
  1850 | D:2      | Reached skill level 3 in Fighting
  1850 | D:2      | Reached XP level 4. HP: 41/45 MP: 7/7
  1993 | D:2      | You pick up a book of Changes and begin reading...
  2063 | D:2      | Identified the +8 war axe "Dragonbane" {pain, rPois rN++
                  | Str-4 Int+4}
  2515 | D:3      | Found a sparkling altar of Nemelex Xobeh.
  2708 | D:3      | Found a hazy altar of Hepliaklqana.
  2744 | D:3      | Reached skill level 3 in Transmutations
  2864 | D:3      | Reached XP level 5. HP: 53/53 MP: 8/8
  2959 | D:3      | Noticed Robin
  2967 | D:3      | Killed Robin
  3179 | D:3      | Identified the +6 halberd "Vucouthu" {venom, rF+ Will+}
  3219 | D:3      | Found a transporter.
  3225 | D:3      | Found a transporter.
  3435 | D:4      | Identified a scroll of acquirement
  3435 | D:4      | Acquired the +0 cloak of a treasure trove {rElec rN+++
                  | Stlth-}
  3466 | D:4      | Noticed Eustachio
  3737 | D:4      | Reached skill level 4 in Fighting
  3814 | D:4      | Found a transporter.
  3818 | D:4      | Noticed greasedhog's ghost (amateur GrCK)
  3883 | D:4      | Found a transporter.
  3995 | D:4      | HP: 10/54 [gnoll/+0 club (4)]
  4187 | D:4      | Reached skill level 4 in Unarmed Combat
  4192 | D:4      | Reached XP level 6. HP: 34/63 MP: 9/9
  4611 | D:4      | You pick up a book of Hexes and begin reading...
  4611 | D:4      | You add the spells Inner Flame, Cause Fear and Discord to
                  | your library.
  4728 | D:5      | Entered Level 5 of the Dungeon
  4728 | D:5      | Noticed Ijyb
  4739 | D:4      | Killed Ijyb
  4773 | D:4      | Reached skill level 5 in Fighting
  4838 | D:5      | Noticed a water moccasin
  4842 | D:5      | Killed a water moccasin
  4843 | D:5      | Reached skill level 4 in Transmutations
  4843 | D:5      | Reached XP level 7. HP: 72/72 MP: 10/10
  5342 | D:5      | Reached skill level 6 in Fighting
  5342 | D:5      | Reached skill level 5 in Unarmed Combat
  5472 | D:5      | Found an iron altar of Okawaru.
  5482 | D:5      | Noticed Duvessa
  5482 | D:5      | Noticed Dowan
  5505 | D:5      | Killed Duvessa
  5511 | D:5      | Killed Dowan
  5512 | D:5      | Reached XP level 8. HP: 55/84 MP: 11/11
  5556 | D:5      | Reached skill level 5 in Transmutations
  5809 | D:5      | Found a staircase to the Ecumenical Temple.
  5815 | Temple   | Entered the Ecumenical Temple
  5832 | Temple   | Became a worshipper of the Wu Jian Council
  6021 | D:5      | Noticed Edmund
  6032 | D:5      | You are cast into the Abyss!
  6032 | Abyss:1  | Cast into level 1 of the Abyss (Edmund)
  6069 | Abyss:1  | Noticed a large abomination
  6089 | Abyss:1  | Noticed a raiju
  6089 | Abyss:1  | Noticed a raiju
  6089 | Abyss:1  | Noticed a raiju
  6091 | Abyss:1  | Noticed a raiju
  6091 | Abyss:1  | HP: 21/84 [raiju/living lightning (6)]
  6096 | Abyss:1  | HP: 15/84 [raiju/living lightning (2)]
  6097 | Abyss:1  | HP: 7/84 [raiju (2)]
  6099 | Abyss:1  | HP: 3/84 [raiju/living lightning (5)]
  6099 | Abyss:1  | Slain by a raiju

Vanquished Creatures
  A water moccasin (D:5)
  Duvessa (D:5)
  An ice beast (D:5)
  2 phantoms (D:4)
  Dowan (D:5)
  2 hounds (D:5)
  Ijyb (D:4)
  An iguana (D:5)
  2 orc wizards (D:4)
  Robin (D:3)
  6 gnolls (D:4)
  4 adders
  A white imp (D:3)
  2 ufetubi (D:5)
  3 dart slugs
  5 worms
  4 orcs
  5 bats
  10 endoplasms
  A giant cockroach (D:2)
  10 goblins
  6 hobgoblins
  2 jackals (D:2)
  6 quokkas
  9 ball pythons
  3 frilled lizards
  12 kobolds
  6 rats
  A spectral kobold (D:3)
109 creatures vanquished.

Vanquished Creatures (others)
  An orc wizard (D:4)
  6 plants (D:3)
7 creatures vanquished.

Grand Total: 116 creatures vanquished

Table legend:
 A = Non-vault XP
 B = Vault XP
 C = Vault XP percentage of total XP
 D = Non-vault monster count
 E = Vault monster count
 F = Vault count percentage of total count
                 A         B        C        D         E       F
            +---------+---------+-------+---------+---------+-------
      Total |     988 |     288 |  22.6 |      94 |      16 |  14.5
            +---------+---------+-------+---------+---------+-------
        D:1 |      27 |       0 |   0.0 |      17 |       0 |   0.0
        D:2 |      90 |       0 |   0.0 |      25 |       0 |   0.0
        D:3 |      53 |      38 |  41.8 |      18 |      13 |  41.9
        D:4 |     398 |      39 |   8.9 |      25 |       1 |   3.8
        D:5 |     420 |     211 |  33.4 |       9 |       2 |  18.2
            +---------+---------+-------+---------+---------+-------

Illustrated notes

Table legend:
 A = Kills in this place as a percentage of kills in entire the game.
 B = Kills by you in this place as a percentage of kills by you in the entire game.
 C = Kills by friends in this place as a percentage of kills by friends in the entire game.
 D = Other kills in this place as a percentage of other kills in the entire game.
 E = Experience gained in this place as a percentage of experience gained in the entire game.
 F = Experience gained in this place divided by the number of levels of this place that you have seen.
                   A       B       C       D       E      F
               +-------+-------+-------+-------+-------+----------------------
         Total | 100.0 | 100.0 |   N/A | 100.0 | 100.0 | 182.3
       Dungeon | 100.0 | 100.0 |   N/A | 100.0 | 100.0 | 255.2
               +-------+-------+-------+-------+-------+----------------------

Table legend: (Time is in decaauts)
 A = Elapsed time spent in this place.
 B = Non-inter-level travel time spent in this place.
 C = Inter-level travel time spent in this place.
 D = Time resting spent in this place.
 E = Time spent auto-exploring this place.
 F = Levels seen in this place.
 G = Mean time per level.
                   A        B        C        D        E       F      G
               +--------+--------+--------+--------+--------+-----+--------+
         Total |   6151 |   5957 |    194 |   1199 |   3638 |   7 |  878.7 |
       Dungeon |   6060 |   5882 |    178 |   1187 |   3631 |   5 | 1212.0 |
        Temple |     33 |     17 |     16 |      0 |      7 |   1 |   33.0 |
         Abyss |     57 |     57 |      0 |     11 |      0 |   1 |   57.0 |
               +--------+--------+--------+--------+--------+-----+--------+

Top non-repeatable levels by time:
     D:2: 1405 daAuts
     D:4: 1378 daAuts
     D:3: 1135 daAuts
     D:5: 1112 daAuts
     D:1: 1028 daAuts
 Abyss:1: 57 daAuts
  Temple: 33 daAuts
